 Dungeon Crawl Stone Soup version 0.30.0-29-ga12c61a403 (webtiles) character file.

Game seed: 13600569173150855086

30 qw the Shield-Bearer (level 3, -4/23 HPs)
             Began as a Gargoyle Fighter on June 5, 2023.
             Slain by a gnoll
             ... wielding a +0 whip
              (6 damage)
             ... on level 2 of the Dungeon.
             The game lasted 00:00:30 (1203 turns).

qw the Shield-Bearer (Gargoyle Fighter)             Turns: 1203, Time: 00:00:31

Health: -4/23      AC: 12    Str: 21    XL:     3   Next: 18%
Magic:  3/3        EV:  5    Int:  8    God:
Gold:   125        SH:  0    Dex:  9    Spells: 2/2 levels left

rFire   . . .        Y - +0 war axe
rCold   . . .        c - +0 buckler
rNeg    + . .        b - +0 scale mail
rPois   inf          (no helmet)
rElec   +            h - +0 cloak
rCorr   .            k - +0 pair of gloves
SInv    .            (no boots)
Will    .....        (no amulet) Stlth
                     (no ring)
HPRegen 0.23/turn    (no ring)
MPRegen 0.08/turn

%: no passive effects
@: held
A: sickness immunity, AC +3, negative energy resistance 1, electricity
resistance, torment resistance 1, petrification resistance
a: no special abilities


You were on level 2 of the Dungeon.
You visited 1 branch of the dungeon, and saw 2 of its levels.

You collected 125 gold pieces.


Innate Abilities, Weirdness & Mutations

You are immune to sickness and miasma.
Your stone body is resilient. (AC +3)
You are immune to poison.
You resist negative energy. (rN+)
You are resistant to electric shocks. (rElec)
You are resistant to unholy torment.
You are immune to petrification.


   Skills:
 - Level 3.2 Fighting
 - Level 3.0 Axes
 + Level 0.7 Throwing
 - Level 3.2 Armour
 - Level 3.2 Shields


You had 2 spell levels left.
You didn't know any spells.
Your spell library was empty.

Inventory:

Hand Weapons
 a - a +0 whip of venom
 Y - a +0 war axe (weapon)
Missiles
 n - 5 silver javelins (quivered)
Armour
 b - a +0 scale mail (worn)
 c - a +0 buckler (worn)
 h - a +0 cloak (worn)
 k - a +0 pair of gloves (worn)
Potions
 d - 2 potions of might
 g - a potion of attraction
 i - a potion of brilliance {unknown}

Dungeon Overview and Level Annotations

Branches:
Dungeon (2/15)

Altars:

Annotations:
D:1 2 transporters


Message History

You start resting.
HP restored.
You see here a jackal corpse.
n - 5 silver javelins (gained 2)
You see here a wand of charming (9).
You now have 111 gold pieces (gained 14).
You now have 125 gold pieces (gained 14).
A rat comes into view.
You throw a silver javelin.
The silver javelin pierces through the rat.
You kill the rat!
A kobold comes into view. It is wielding a +0 whip.
The kobold throws a stone.
The stone hits you but does no damage.
You hit the kobold.
You kill the kobold!
Things that are here:
a +0 whip; 2 stones; a kobold corpse You see here a rat corpse.
n - 5 silver javelins (gained 1)
You see here a rat corpse.
Things that are here:
a +0 whip; 2 stones; a kobold corpse 4 gnolls come into view.
The gnoll shouts! x2
1195 ||| Stepping ~*~*~tactically~*~*~ (hiding).
You block the gnoll's attack.
1197 ||| Stepping ~*~*~tactically~*~*~ (hiding).
You hit the gnoll.
The gnoll is lightly wounded.
The gnoll hits you with a +0 halberd!
The gnoll throws a throwing net.
The throwing net hits you.
You become entangled in the net!
The gnoll hits you with a +0 halberd. The gnoll barely misses you.
The gnoll hits you but does no damage. The gnoll hits you with a +0 whip.
The gnoll hits you but does no damage. The gnoll hits you with a +0 whip.
The gnoll hits you from afar with a +0 spear.
The gnoll hits you from afar with a +0 spear.
The gnoll hits you with a +0 whip. The gnoll barely misses you.
The gnoll hits you but does no damage. The gnoll hits you with a +0 whip.
You die...

##########
#........#
#.######@#
#.#
#gggg....
#.#
#########
#.# #.#
#.# #.#
#.#
##.#######


You could see 4 gnolls.

Vanquished Creatures
  A dart slug (D:1)
  4 bats (D:1)
  6 endoplasms (D:1)
  A giant cockroach (D:1)
  A goblin (D:1)
  2 jackals (D:2)
  3 kobolds
  A quokka (D:1)
  3 ball pythons (D:1)
  4 rats
26 creatures vanquished.

Notes
Turn   | Place    | Note
-------+----------+-------------------------------------------
     0 | D:1      | qw the Gargoyle Fighter began the quest for the Orb.
     0 | D:1      | Reached XP level 1. HP: 14/14 MP: 1/1
     0 | D:1      | 0 ||| qw: Version: 0.2-a-108-gee2c290
     0 | D:1      | 0 ||| qw: Game counter: 1345
     0 | D:1      | 0 ||| qw: Always use a shield: true
     0 | D:1      | 0 ||| qw: God list: Okawaru
     0 | D:1      | 0 ||| qw: Allow faded altars: false
     0 | D:1      | 0 ||| qw: Do Orc after D:15 true
     0 | D:1      | 0 ||| qw: Do second Lair branch before Depths: true
     0 | D:1      | 0 ||| qw: Lair rune preference: random
     0 | D:1      | 0 ||| qw: Plans: Normal, Zot:1-4, Slime:5, God:TSO, Crypt,
                  | Tomb, Abyss, Pan, Hells, Win
     0 | D:1      | 0 ||| PLANNING D:1-11
   137 | D:1      | Reached XP level 2. HP: 19/19 MP: 2/2
   549 | D:1      | Reached skill level 3 in Axes
   629 | D:1      | Reached XP level 3. HP: 23/23 MP: 3/3
   998 | D:1      | 998 ||| UPGRADING to +0 cloak.
  1003 | D:1      | 1003 ||| UPGRADING to +0 pair of gloves.
  1008 | D:1      | 1008 ||| READING scroll labelled QAICIPP DUJOLL.
  1009 | D:1      | 1009 ||| READING scroll labelled RUHUM JAMIDEF.
  1014 | D:1      | 1014 ||| READING scroll labelled JERASS HANIE.
  1015 | D:1      | 1015 ||| READING scroll labelled COSTUT MAUPP.
  1016 | D:1      | 1016 ||| READING scroll labelled VEOSIY KELYOVY.
  1017 | D:1      | 1017 ||| DRINKING 2 lumpy white potions.
  1056 | D:2      | 1056 ||| DROPPING +0 whip.
  1195 | D:2      | 1195 ||| Stepping ~*~*~tactically~*~*~ (hiding).
  1197 | D:2      | 1197 ||| Stepping ~*~*~tactically~*~*~ (hiding).
  1202 | D:2      | HP: 5/23 [gnoll/+0 spear (2)]
  1202 | D:2      | HP: 2/23 [gnoll/+0 whip (3)]
  1203 | D:2      | Slain by a gnoll

Levels and vault maps discovered:
D:1:      spicycebolla_arrival_transporter_tutorial, layout_loops_corners
D:2:      layout_basic, basic_ecumenical_altar, basic_altar

Skill      XL: |  1  2 |
---------------+-------+-----
Axes           | 2 3 |  3.0
Fighting       | |  3.2
Throwing       | |  0.7
Armour         | |  3.2
Shields        | |  3.2

Action                     || total
---------------------------++-------
  Melee: War axe           ||    71
  Throw: Javelin           ||     4
    Use: Scroll            ||     5
         Potion            ||     1
 Armour: Scale mail        ||    31
  Dodge: Dodged            ||    31
  Block: Buckler           ||    11

Table legend:
 A = Non-vault XP
 B = Vault XP
 C = Vault XP percentage of total XP
 D = Non-vault monster count
 E = Vault monster count
 F = Vault count percentage of total count
                 A         B        C        D         E       F
            +---------+---------+-------+---------+---------+-------
      Total |      43 |       0 |   0.0 |      26 |       0 |   0.0
            +---------+---------+-------+---------+---------+-------
        D:1 |      35 |       0 |   0.0 |      21 |       0 |   0.0
        D:2 |       8 |       0 |   0.0 |       5 |       0 |   0.0
            +---------+---------+-------+---------+---------+-------
